 Dungeon Crawl Stone Soup version 0.28-a0-863-g8cecda6153 (webtiles) character file.

Game seed: 3871289395633693363

522 gigimoi the Caller (level 7, -4/50 HPs)
             Began as a Hill Orc Summoner on Nov 17, 2021.
             Was an Initiate of Gozag.
             Succumbed to a water moccasin's poison
             ... on level 5 of the Dungeon.
             The game lasted 00:27:02 (7475 turns).

gigimoi the Caller (Hill Orc Summoner)              Turns: 7475, Time: 00:27:03

Health: -4/50      AC:  4    Str: 11    XL:     7   Next: 22%
Magic:  9/11       EV: 12    Int: 17    God:    Gozag
Gold:   370        SH:  0    Dex: 11    Spells: 2/12 levels left

rFire   . . .      SeeInvis +   f - +0 dagger
rCold   . . .      Faith    .   (no shield)
rNeg    . . .      Spirit   .   a - +0 robe
rPois   .          Reflect  .   (no helmet)
rElec   .          Harm     .   e - +0 cloak
rCorr   .          Rampage  .   (no gloves)
Will    .....                   c - +0 pair of boots
Stlth   ++........              (no amulet)
HPRegen 0.16/turn               l - ring of see invisible
MPRegen 0.12/turn               (no ring)

@: lethally poisoned (-4 -> -26)
A: no striking features
a: Renounce Religion, Potion Petition, Call Merchant, Bribe Branch


You were on level 5 of the Dungeon.
You worshipped Gozag.
Gozag was aware of your devotion.
You visited 1 branch of the dungeon, and saw 5 of its levels.

You collected 405 gold pieces.
You paid 35 gold pieces to Gozag.

Inventory:

Hand Weapons
 f - a +0 dagger (weapon)
Armour
 a - a +0 robe (worn)
 c - a +0 pair of boots (worn)
 e - a +0 cloak (worn)
Jewellery
 l - a ring of see invisible (left hand)
Wands
 k - a wand of acid (11)
Scrolls
 d - 4 scrolls of teleportation {unknown}
 g - a scroll of brand weapon {unknown}
 h - 4 scrolls of identify {unknown}
 i - a scroll of immolation {unknown}
 j - a scroll of silence {unknown}
 m - a scroll of amnesia {unknown}
Potions
 b - a potion of curing


   Skills:
 - Level 1.5 Dodging
 + Level 3.6 Stealth
 + Level 3.2 Spellcasting
 + Level 5.5 Summonings
 + Level 2.5 Air Magic


You had 2 spell levels left.
You knew the following spells:

 Your Spells              Type           Power      Damage    Failure   Level
a - Summon Small Mammal   Summ           84%        N/A       1%          1
b - Call Imp              Summ           21%        N/A       2%          2
c - Swiftness             Air            11%        N/A       19%         3
d - Summon Lightning Spi  Summ/Air       16%        N/A       32%         4

Your spell library contained the following spells:

 Spells                   Type           Power      Damage    Failure   Level
 Shock                    Conj/Air       28%        1d4       10%         1
 Ensorcelled Hibernation  Hex/Ice        4%         N/A       26%         2
 Sublimation of Blood     Necr           2%         N/A       26%         2
 Wereblood                Tmut           2%         N/A       26%         2
 Call Canine Familiar     Summ           21%        N/A       5%          3
 Summon Guardian Golem    Hex/Summ       12%        N/A       16%         3
 Tukima's Dance           Hex            2%         N/A       45%         3
 Airstrike                Air            5%         N/A       52%         4
 Summon Hydra             Summ           10%        N/A       100%        7


Dungeon Overview and Level Annotations

Branches:
Dungeon (5/15)
 Temple: D:4-7

Altars:
Gozag
Trog
Zin


Message History

Your quokka misses the water moccasin.
Your quokka closely misses the water moccasin.
The water moccasin bites you.
You are more poisoned.
The water moccasin poisons you!
Your crimson imp closely misses the water moccasin.
You feel very sick.
Your quokka closely misses the water moccasin.
Your quokka misses the water moccasin.
Your crimson imp blinks!
You hit the water moccasin.
The water moccasin is heavily wounded.
You feel very sick.
Your quokka closely misses the water moccasin.
The water moccasin bites you.
You are lethally poisoned!
The water moccasin poisons you!
Your quokka closely misses the water moccasin.
Your quokka completely misses the water moccasin.
The water moccasin closely misses you.
You barely miss the water moccasin.
The water moccasin is heavily wounded.
* * * LOW HITPOINT WARNING * * *
You feel very sick.
Your quokka bites the water moccasin.
The water moccasin bites you.
* * * LOW HITPOINT WARNING * * *
You are more poisoned.
The water moccasin poisons you!
Your quokka closely misses the water moccasin.
Your quokka bites the water moccasin.
You barely miss the water moccasin.
The water moccasin is severely wounded.
* * * LOW HITPOINT WARNING * * *
You feel very sick. The water moccasin bites you.
* * * LOW HITPOINT WARNING * * *
Your quokka misses the water moccasin.
Your quokka barely misses the water moccasin.
You die...
Your body crumbles into a pile of gold.

#.........##.........#.##.#
#.........##.#.............
...######.##.###...##......
... ................... ..
#....##.##.........
#.....5.r........#
...####..Sr......# $...
#............ #.@..........
#............ #.[..........
..########.... .... ...?
...##. ..# .. #. $ $ .


You could see a water moccasin (ally target), a friendly crimson imp (summoned)
and 2 friendly quokkas.

Vanquished Creatures
  Sigmund (D:3)
  A hound (D:4)
  An adder skeleton (D:4)
  A worm (D:3)
  A dart slug (D:2)
  An orc (D:4)
  A bat (D:3)
  An endoplasm (D:4)
  2 hobgoblins
  A jackal (D:2)
  3 quokkas
  5 ball pythons
19 creatures vanquished.

Vanquished Creatures (collateral kills)
  An ice beast (D:5)
  A scorpion (D:4)
  An iguana (D:4)
  A howler monkey skeleton (D:4)
  6 adders
  2 dart slugs
  An orc (D:3)
  5 ball pythons
  6 endoplasms
  3 giant cockroaches
  9 hobgoblins
  A jackal (D:2)
  2 quokkas (D:1)
  5 bats
  5 frilled lizards
  7 goblins
  5 kobolds
  4 rats
65 creatures vanquished.

Vanquished Creatures (others)
  A plant (D:1)
  4 toadstools (D:1)
5 creatures vanquished.

Grand Total: 89 creatures vanquished

Notes
Turn   | Place    | Note
-------+----------+-------------------------------------------
     0 | D:1      | gigimoi the Hill Orc Summoner began the quest for the Orb.
     0 | D:1      | Reached XP level 1. HP: 14/14 MP: 3/3
   717 | D:1      | Reached XP level 2. HP: 20/20 MP: 1/4
   761 | D:1      | Learned a level 2 spell: Call Imp
  1497 | D:1      | Found a faded altar of an unknown god.
  2038 | D:2      | Reached XP level 3. HP: 26/26 MP: 2/6
  2042 | D:2      | Learned a level 3 spell: Swiftness
  3361 | D:3      | Found a glowing silver altar of Zin.
  3361 | D:3      | Found an opulent altar of Gozag.
  3631 | D:3      | Reached XP level 4. HP: 25/33 MP: 5/7
  4241 | D:3      | Reached skill level 1 in Air Magic
  4578 | D:3      | Found a bloodstained altar of Trog.
  4583 | D:3      | Noticed Sigmund
  4633 | D:3      | HP: 1/33 [Sigmund (3)]
  4635 | D:3      | Killed Sigmund
  4636 | D:3      | Reached skill level 5 in Summonings
  4636 | D:3      | Reached XP level 5. HP: 2/38 MP: 2/9
  4636 | D:3      | Reached XP level 6. HP: 2/45 MP: 2/10
  4923 | D:3      | Learned a level 4 spell: Summon Lightning Spire
  5027 | D:3      | Became a worshipper of Gozag Ym Sagoz the Greedy
  7311 | D:5      | Entered Level 5 of the Dungeon
  7311 | D:5      | Noticed an ice beast
  7328 | D:5      | Killed an ice beast
  7329 | D:5      | Reached XP level 7. HP: 33/50 MP: 4/11
  7474 | D:5      | HP: 1/50 [water moccasin (5)]
  7475 | D:5      | Succumbed to a water moccasin's poison

Illustrated notes

Levels and vault maps discovered:
D:1:      ldierk_walled_garden_2, layout_basic,
          dreamdust_ecumenical_altar_angels_and_demons, serial_bayou_ford_a
D:2:      layout_basic, corexii_corridor_pit
D:3:      layout_loops_ring, grunt_temple_overflow_gold_and_silver,
          mainiacjoe_overflow_alcove_1, kennysheep_generic_room_3, uniq_sigmund
D:4:      minmay_skewed_foursquare, layout_basic
D:5:      layout_rooms, lemuel_crystal_altar

Skill      XL: |  1  2  3  4  5  6 |
---------------+-------------------+-----
Spellcasting   | 2 3 |  3.2
Stealth        | 2 3 |  3.6
Air Magic      | 1 2 |  2.5
Summonings     | 5 |  5.5
Dodging        | |  1.5

Action                   |  1- 3 |  4- 6 |  7- 9 || total
-------------------------+-------+-------+-------++-------
Melee: Unarmed           |    28 |       |       ||    28
       Dagger            |    28 |    87 |     6 ||   121
 Cast: Summon Small Mamm |    54 |    75 |     2 ||   131
       Call Imp          |    32 |    35 |     1 ||    68
       Summon Lightning  |       |     4 |       ||     4
  Use: Potion            |       |     1 |       ||     1
 Stab: Sleeping          |       |     4 |       ||     4
       Distracted        |       |     3 |       ||     3
Armor: Robe              |    27 |    20 |     1 ||    48
Dodge: Dodged            |    63 |    66 |     6 ||   135

Table legend: (Time is in decaauts)
 A = Elapsed time spent in this place.
 B = Non-inter-level travel time spent in this place.
 C = Inter-level travel time spent in this place.
 D = Time resting spent in this place.
 E = Time spent auto-exploring this place.
 F = Levels seen in this place.
 G = Mean time per level.
                   A        B        C        D        E       F      G
               +--------+--------+--------+--------+--------+-----+--------+
         Total |   7478 |   7288 |    190 |   3338 |   2829 |   5 | 1495.6 |
       Dungeon |   7478 |   7288 |    190 |   3338 |   2829 |   5 | 1495.6 |
               +--------+--------+--------+--------+--------+-----+--------+

Top non-repeatable levels by time:
     D:3: 2112 daAuts
     D:4: 1827 daAuts
     D:1: 1791 daAuts
     D:2: 1583 daAuts
     D:5: 163 daAuts
